 Dungeon Crawl Stone Soup version 0.17-a0-1393-gcb420ff (webtiles) character file.

158 urechis the Ruffian (level 5, -11/53 HPs)
             Began as a Troll Monk on June 16, 2015.
             Killed by divine providence
             ... invoked by an orc priest
              (13 damage)
             ... on level 3 of the Dungeon.
             The game lasted 00:03:02 (1513 turns).

urechis the Ruffian (Troll Monk)                    Turns: 1513, Time: 00:03:02

Health: -11/53     AC:  6    Str: 19    XL:     5   Next: 16%
Magic:  4/4        EV: 11    Int:  6    God:
Gold:   102        SH:  0    Dex: 13    Spells: 0 memorised, 4 levels left

rFire  . . .     SeeInvis .       - Unarmed
rCold  . . .     Clarity  .     a - +0 robe
rNeg   . . .     SustAt   .     (no shield)
rPois  .         Gourm    +     (helmet restricted)
rElec  .         Spirit   .     f - +0 cloak
rCorr  .         Warding  .     (gloves unavailable)
rMut   .         Stasis   .     (boots unavailable)
MR     .....                    (no amulet)
Stlth  +.........               (no ring)
                                (no ring)

@: not resistant to hostile enchantments, very unstealthy
A: unfitting armour, claws 3, fast metabolism 3, gourmand, regeneration 2,
shaggy fur 1, tough skin 2
a: no special abilities


You were on level 3 of the Dungeon.
You were full.

You visited 1 branch of the dungeon, and saw 3 of its levels.

You collected 102 gold pieces.

Inventory:

Armour
 a - a +0 robe (worn)
 f - a +0 cloak (worn)
Scrolls
 d - a scroll of identify {unknown}
 g - 3 scrolls of fog {unknown}
 i - a scroll of enchant armour {unknown}
 l - 2 scrolls of recharging {unknown}
 m - a scroll of teleportation {unknown}
 o - a scroll of amnesia {unknown}
Potions
 e - a potion of mutation {unknown}
 h - a potion of brilliance {unknown}
 k - a potion of degeneration {unknown}
 n - a potion of poison {unknown}
Comestibles
 b - 4 bread rations
 c - 2 meat rations
 j - a beef jerky
 p - a slice of pizza


   Skills:
 + Level 3.1 Fighting
 + Level 3.2 Dodging
 - Level 1.1 Stealth
 * Level 5.3 Unarmed Combat


You had 4 spell levels left.
You didn't know any spells.

Dungeon Overview and Level Annotations

Branches:
Dungeon (3/15)

Altars:
Ru


Innate Abilities, Weirdness & Mutations

You are too large for most types of armour.
You have claws for hands.
Your metabolism is lightning-fast.
You like to eat raw meat.
You heal very quickly.
You are covered in fur (AC +1).
You have very tough skin (AC +2).


Message History

The orc warrior is severely wounded.
The orc warrior hits you with a flail of crushing.
You scratch the orc warrior.
The orc warrior is almost dead.
The orc priest barely misses you.
The orc warrior hits you with a flail of crushing!!
* * * LOW HITPOINT WARNING * * *
x2 You are too injured to fight recklessly!
You are too injured to fight recklessly!
You are too injured to fight recklessly!
You are too injured to fight recklessly!
You are too injured to fight recklessly!
You scratch the orc priest.
The orc priest begins to bleed from its wounds!
The orc priest is moderately wounded.
The orc priest hits you.
* * * LOW HITPOINT WARNING * * *
The orc priest invokes the aid of Beogh against you.
Something smites you!
You die...

..†.....#...............#
..###.#####(###########.##
#<# #.# #.# #...## #.# #.#
##+# ##.#.#.## #.# #.#
##...# ##.##.##.## ...
..###.....## #.#...###.#
#.# ####.......##
##..####.## ...
.........####...##.######
...
........o@................
...
.......o.####....#########
#.....).## #..###
##.....## #.## ##...# #.#
##+# #.# #.# #.# #.#


You could see an orc warrior (bleeding) and an orc priest (bleeding).

Vanquished Creatures
  An orc wizard (D:3)
  Robin (D:2)
  6 adders
  An ooze (D:2)
  2 worms (D:2)
  6 bats
  3 giant cockroaches
  9 hobgoblins
  A jackal (D:2)
  5 kobolds
  2 quokkas (D:2)
  2 giant geckos (D:2)
  12 goblins (D:2)
  4 rats
55 creatures vanquished.

Notes
Turn   | Place    | Note
--------------------------------------------------------------
     0 | D:1      | urechis the Troll Monk began the quest for the Orb.
     0 | D:1      | Reached XP level 1. HP: 22/22 MP: 0/0
   308 | D:1      | Reached XP level 2. HP: 22/29 MP: 1/1
   751 | D:2      | Noticed Robin
   770 | D:2      | Killed Robin
   770 | D:2      | Reached XP level 3. HP: 23/36 MP: 2/2
   974 | D:2      | Reached XP level 4. HP: 44/44 MP: 3/3
   999 | D:2      | Reached skill level 5 in Unarmed Combat
  1228 | D:2      | Found a sacrificial altar of Ru.
  1500 | D:3      | Noticed an orc warrior
  1504 | D:3      | Reached XP level 5. HP: 49/53 MP: 4/4
  1510 | D:3      | HP: 2/53 [orc warrior/flail of crushing (2)]
  1513 | D:3      | Killed from afar by an orc priest

Vault maps used:
D:1:      minmay_arrival_loop, roderic_serpentine_path
D:2:      nicolae_ru_awakened_eye, first_bread, minmay_misc_feat_secret_circle,
          uniq_robin
D:3:      ecumenical_altar_2, uniq_jessica

Action                   |  1- 3 |  4- 6 || total
-------------------------+-------+-------++-------
Melee: Unarmed           |    75 |    51 ||   126
 Stab: Sleeping          |     1 |     1 ||     2
  Eat: Chunk             |    13 |     3 ||    16
